 Dungeon Crawl Stone Soup version 0.30.0-3-ga4e48a9924 (webtiles) character file.

Game seed: 12266156276708978295

6223 monsoonserge the Magician (level 10, -14/76 HPs)
             Began as a Gnoll Air Elementalist on May 7, 2023.
             Was a Priest of Vehumet.
             Killed from afar by a manticore (17 damage)
             ... with a volley of spikes
             ... on level 7 of the Dungeon.
             The game lasted 00:53:32 (10044 turns).

monsoonserge the Magician (Gnoll Air Elementalist) Turns: 10044, Time: 00:53:35

Health: -14/76     AC:  7    Str: 11    XL:     10   Next: 92%
Magic:  19/21      EV: 20    Int: 18    God:    Vehumet [***...]
Gold:   421        SH: 11    Dex: 19    Spells: 2/24 levels left

rFire   . . .        q - +7 whip of the Bruised Stories {protect, Str+3 Dex+6 SInv}
rCold   . . .        G - +0 kite shield
rNeg    . . .        Y - +2 robe {Will+}
rPois   .            A - +0 helmet
rElec   .            B - +0 cloak
rCorr   .            (no gloves)
SInv    +            (no boots)
Will    +....        (no amulet)
Stlth   ++++         e - ring of wizardry
HPRegen 0.32/turn    K - +5 ring of evasion
MPRegen 0.17/turn

%: wizardry (x1)
@: spiked, attractive
A: fangs 1, strong nose, distributed training
a: Renounce Religion


You were on level 7 of the Dungeon.
You worshipped Vehumet.
Vehumet was most pleased with you.
You visited 2 branches of the dungeon, and saw 10 of its levels.
You also visited: Sewer and Ossuary.

You collected 421 gold pieces.

Inventory:

Hand Weapons
 k - a +2 dagger of draining
 q - the +7 whip of the Bruised Stories (weapon) {protect, Str+3 Dex+6 SInv}
   (You took it off a kobold on level 2 of the Dungeon)

   Str:       It affects your strength (+3).
   Dex:       It affects your dexterity (+6).
   SInv:      It lets you see invisible.
 v - a +2 trident of protection
 y - the +3 mace "Kirape Qead" {heavy, rPois rF+ MP-9 Dex+4}
   (You found it on level 4 of the Dungeon)

   Dex:       It affects your dexterity (+4).
   rF:        It protects you from fire.
   rPois:     It protects you from poison.
   MP:        It affects your magic capacity (-9).
 J - a +2 rapier of speed
 V - a +0 spear
 X - a +3 dagger of chaos
 Z - a +4 short sword of speed
Missiles
 h - 80 stones
 m - 9 javelins (quivered)
 L - 33 poisoned darts
Armour
 A - a +0 helmet (worn)
 B - a +0 cloak (worn)
 D - a scarf of harm
 G - a +0 kite shield (worn)
 N - a +0 troll leather armour
 Y - a +2 robe of willpower (worn)
Magical Staves
 c - a staff of poison
Jewellery
 e - a ring of wizardry (left hand)
 o - a ring of see invisible
 z - a ring of ice
 C - a ring of wizardry
 K - a +5 ring of evasion (right hand)
 O - a +6 ring of dexterity
Wands
 f - a wand of mindburst (14)
 F - a wand of charming (2)
 H - a wand of roots (18)
 W - a wand of light (1)
Scrolls
 d - 13 scrolls of identify {unknown}
 i - 5 scrolls of teleportation {unknown}
 l - 2 scrolls of noise {unknown}
 n - 5 scrolls of vulnerability {unknown}
 r - 5 scrolls of amnesia {unknown}
 s - 2 scrolls of blinking {unknown}
 w - 3 scrolls of enchant armour {unknown}
 E - 2 scrolls of fear {unknown}
 M - a scroll of poison {unknown}
 P - 2 scrolls of enchant weapon {unknown}
 S - 5 scrolls of magic mapping {unknown}
Potions
 a - 3 potions of flight {unknown}
 b - 2 potions of magic
 g - 4 potions of brilliance {unknown}
 j - 4 potions of attraction
 p - 2 potions of might {unknown}
 t - 2 potions of resistance {unknown}
 u - 6 potions of curing {unknown}
 x - 3 potions of heal wounds {unknown}
 I - 5 potions of haste
 Q - a potion of lignification {unknown}
 R - 2 potions of degeneration {unknown}
 T - a potion of mutation {unknown}
 U - a potion of invisibility {unknown}


   Skills:
 + Level 5.9 Fighting
 + Level 5.9 Short Blades
 + Level 5.9 Long Blades
 + Level 5.9 Axes
 + Level 5.9 Maces & Flails
 + Level 5.9 Polearms
 + Level 5.9 Staves
 + Level 5.9 Ranged Weapons
 + Level 5.9 Throwing
 + Level 5.9 Armour
 + Level 7.6 Dodging
 + Level 7.3 Stealth
 + Level 5.9 Shields
 + Level 5.9 Unarmed Combat
 + Level 7.9 Spellcasting
 + Level 5.4 Conjurations
 + Level 4.9 Hexes
 + Level 4.9 Summonings
 + Level 4.9 Necromancy
 + Level 4.9 Translocations
 + Level 4.9 Transmutations
 + Level 4.9 Fire Magic
 + Level 4.9 Ice Magic
 + Level 7.4 Air Magic
 + Level 4.9 Earth Magic
 + Level 4.9 Poison Magic
 + Level 6.5 Invocations
 + Level 5.9 Evocations


You had 2 spell levels left.
You knew the following spells:

 Your Spells              Type           Power      Damage    Failure   Level
a - Shock                 Conj/Air       100%       1d9       1%          1
b - Airstrike             Air            17%        2d(3-19)  1%          4
c - Teleport Other        Tloc           24%        N/A       6%          3
d - Mephitic Cloud        Conj/Pois/Air  28%        N/A       1%          3
e - Vhi's Electric Charg  Tloc/Air       58%        N/A       3%          3
f - Arcjolt               Conj/Air       15%        1d25      8%          5
g - Hailstorm             Conj/Ice       25%        3d7       1%          3

Your spell library contained the following spells:

 Spells                   Type           Power      Damage    Failure   Level
 Foxfire                  Conj/Fire      100%       2x1d9     1%          1
 Magic Dart               Conj           100%       1d8       1%          1
 Sandblast                Erth           48%        2d12      1%          1
 Static Discharge         Conj/Air       60%        2-5/arc   1%          2
 Call Imp                 Summ           48%        N/A       2%          2
 Ensorcelled Hibernation  Hex/Ice        48%        N/A       2%          2
 Passwall                 Tmut/Erth      20%        N/A       2%          2
 Inner Flame              Hex/Fire       24%        N/A       1%          3
 Stone Arrow              Conj/Erth      50%        3d10      1%          3
 Swiftness                Air            34%        N/A       1%          3
 Call Canine Familiar     Summ           24%        N/A       6%          3
 Gell's Gravitas          Tloc           24%        N/A       6%          3
 Portal Projectile        Hex/Tloc       48%        N/A       6%          3
 Fireball                 Conj/Fire      12%        3d7       13%         5
 Yara's Violent Unravell  Hex/Tmut       12%        3d7       13%         5
 Leda's Liquefaction      Hex/Erth       12%        N/A       17%         4
 Plasma Beam              Fire/Air       14%        2x1d28    36%         6
 Summon Forest            Summ/Tloc      12%        N/A       43%         5
 Summon Mana Viper        Hex/Summ       24%        N/A       43%         5
 Starburst                Conj/Fire      12%        6d5       47%         6
 Dispersal                Tloc           12%        N/A       93%         6
 Summon Cactus Giant      Summ           12%        N/A       93%         6
 Maxwell's Capacitive Co  Air            17%        ∞         99%         8
 Enfeeble                 Hex            12%        N/A       100%        7


Dungeon Overview and Level Annotations

Branches:
Dungeon (9/15)             Temple (1/1) D:6           Sewer (visited)
Ossuary (visited)
   Lair: D:8-11         Orc: D:9-12

Altars:
Cheibriados
Gozag
Hepliaklqana
Kikubaaqudgha
Vehumet
Xom
Yredelemnul
Zin

Shops:
D:6 ([:   D:7 *   D:9 (

Annotations:
D:7 vault


Innate Abilities, Weirdness & Mutations

You have very sharp teeth.
Your uncanny sense of smell can sniff out nearby items.
Your experience applies equally to all skills.


Message History

Press: ? - help, Dir - move target, f - bullfrog
Aim: a bullfrog (79% to hit)
The barbs in your skin will harm you if you move.
Continue?
You charge forward with an electric crackle!
The barbed spikes dig painfully into your body as you move.
You whack the bullfrog and electrocute it!
Your weapon exudes an aura of protection.
The bullfrog is severely wounded.
You block the bullfrog's attack.
The manticore flicks its tail.
The volley of spikes misses you.
Unknown command.
The barbed spikes dig painfully into your body as you move.
You block the bullfrog's attack. The bullfrog completely misses you.
The bullfrog attacks as you move away! The bullfrog closely misses you.
The barbed spikes dig painfully into your body as you move.
The bullfrog attacks as you move away! You block the bullfrog's attack.
The barbed spikes dig painfully into your body as you move.
The bullfrog snags a nearby mosquito with its tongue.
The bullfrog misses you.
The barbed spikes dig painfully into your body as you move.
The manticore flicks its tail.
The volley of spikes hits you!
The barbed spikes become lodged in your body.
Things that are here:
a +0 club; a +0 halberd The bullfrog attacks as you move away!
The bullfrog misses you.
The barbed spikes dig painfully into your body as you move.
The bullfrog hits you but does no damage.
The manticore flicks its tail.
The volley of spikes hits you!!
The barbed spikes become lodged in your body.
* * * LOW HITPOINT WARNING * * *
It was a potion of attraction.
You feel attractive to monsters. The bullfrog misses you.
The manticore flicks its tail.
The volley of spikes hits you!
The barbed spikes become lodged in your body.
You die...

..# #............#............#
..# #............#.............
..# #..........................
..#######'##########.H...........
.........................#'##....
.........................#..#....
.................)....O..#..#....
................F).......#..#....
................@........####....
...........>.............#..#....
###########'########.....#..#....
.#.....)....#......#.....#..#....
.'..........#>.....#.....#..#....
.#.....#....#......#.....#..#....
.#######.##+##.....#.....#..####'
.# #.....#.....#.....#..#.... .#
#.....#.....#.....#..#....


You could see a two-headed ogre, a manticore and a bullfrog.

Vanquished Creatures
  Pikel (D:4)
  Psyche (D:9)
  A troll (D:7)
  Prince Ribbit (D:9)
  A wyvern (D:9)
  A wraith (D:9)
  3 yaks (D:9)
  Menkaure (D:4)
  An acid dragon (D:9)
  2 water moccasins
  2 orc warriors
  2 sky beasts (D:7)
  A black bear (D:6)
  An ice beast (D:4)
  3 ogres
  3 centaurs
  A phantom (D:4)
  3 lemures (D:4)
  3 kobold brigands
  2 bullfrogs
  2 water moccasin zombies (Ossuary)
  2 gnoll sergeants
  3 scorpions
  10 wights (D:9)
  A howler monkey (D:5)
  2 jellies
  6 orc priests
  6 hounds
  Crazy Yiuf (D:4)
  A gnoll bouda (D:7)
  A sleepcap (D:5)
  6 iguanas
  11 orc wizards
  2 mummies (Ossuary)
  23 gnolls
  6 adders
  A shadow imp (D:7)
  2 white imps
  An ufetubus (D:6)
  4 adder zombies (Ossuary)
  3 worms
  4 dart slugs
  31 orcs
  8 ball pythons
  15 bats
  12 endoplasms
  4 giant cockroaches
  7 goblins
  5 hobgoblins
  9 jackals
  2 quokkas
  3 frilled lizards
  4 gnoll zombies (Ossuary)
  6 hobgoblin zombies (Ossuary)
  23 kobolds
  6 kobold zombies (Ossuary)
  6 orc zombies (Ossuary)
  7 rats
280 creatures vanquished.

Vanquished Creatures (others)
  An orc wizard (D:9)
  A plant (D:9)
2 creatures vanquished.

Grand Total: 282 creatures vanquished

Notes
Turn   | Place    | Note
-------+----------+-------------------------------------------
     0 | D:1      | monsoonserge the Gnoll Air Elementalist began the quest for
                  | the Orb.
     0 | D:1      | Reached XP level 1. HP: 13/13 MP: 6/6
   272 | D:1      | Reached XP level 2. HP: 19/19 MP: 4/7
   695 | D:1      | Reached skill level 5 in Spellcasting
   695 | D:1      | Reached XP level 3. HP: 25/25 MP: 3/9
  1206 | D:1      | Reached skill level 1 in Invocations
  1520 | D:2      | Reached skill level 1 in Fighting
  1520 | D:2      | Reached skill level 1 in Short Blades
  1520 | D:2      | Reached skill level 1 in Long Blades
  1520 | D:2      | Reached skill level 1 in Axes
  1520 | D:2      | Reached skill level 1 in Maces & Flails
  1520 | D:2      | Reached skill level 1 in Polearms
  1520 | D:2      | Reached skill level 1 in Staves
  1520 | D:2      | Reached skill level 1 in Ranged Weapons
  1520 | D:2      | Reached skill level 1 in Throwing
  1520 | D:2      | Reached skill level 1 in Armour
  1520 | D:2      | Reached skill level 1 in Shields
  1520 | D:2      | Reached skill level 1 in Unarmed Combat
  1520 | D:2      | Reached skill level 1 in Evocations
  1564 | D:2      | Reached XP level 4. HP: 31/32 MP: 2/11
  1618 | D:2      | Identified the +7 whip of the Bruised Stories {protect,
                  | Str+3 Dex+6 SInv}
  1683 | D:2      | Learned a level 4 spell: Airstrike
  1859 | D:2      | Reached skill level 1 in Hexes
  1859 | D:2      | Reached skill level 1 in Summonings
  1859 | D:2      | Reached skill level 1 in Necromancy
  1859 | D:2      | Reached skill level 1 in Translocations
  1859 | D:2      | Reached skill level 1 in Transmutations
  1859 | D:2      | Reached skill level 1 in Fire Magic
  1859 | D:2      | Reached skill level 1 in Ice Magic
  1859 | D:2      | Reached skill level 1 in Earth Magic
  1859 | D:2      | Reached skill level 1 in Poison Magic
  2729 | D:3      | Reached XP level 5. HP: 27/37 MP: 5/12
  3217 | D:4      | Learned a level 3 spell: Teleport Other
  3300 | D:4      | Noticed a lemure
  3450 | D:4      | Identified the +3 mace "Kirape Qead" {heavy, rPois rF+ MP-9
                  | Dex+4}
  3454 | D:4      | Noticed a lemure
  3454 | D:4      | Noticed a lemure
  3474 | D:4      | Noticed a lemure
  3474 | D:4      | Noticed Pikel
  3489 | D:4      | Killed a lemure
  3490 | D:4      | Killed a lemure
  3495 | D:4      | Killed a lemure
  3506 | D:4      | Killed Pikel
  3507 | D:4      | Reached skill level 5 in Dodging
  3507 | D:4      | Reached skill level 5 in Stealth
  3507 | D:4      | Reached XP level 6. HP: 16/46 MP: 2/14
  3507 | D:4      | Reached XP level 7. HP: 18/51 MP: 2/15
  4043 | D:4      | Noticed Menkaure
  4054 | D:4      | Killed Menkaure
  4055 | D:4      | Reached XP level 8. HP: 35/58 MP: 9/16
  4119 | D:4      | Learned a level 3 spell: Mephitic Cloud
  4357 | D:4      | Found a runed translucent door.
  4358 | D:4      | Noticed Crazy Yiuf
  4365 | D:4      | Killed Crazy Yiuf
  4447 | D:5      | Entered Level 5 of the Dungeon
  4999 | D:5      | Reached XP level 9. HP: 65/65 MP: 15/18
  5457 | D:6      | Found a staircase to the Ecumenical Temple.
  5463 | Temple   | Entered the Ecumenical Temple
  5513 | Temple   | Became a worshipper of Vehumet
  5622 | D:6      | Found a glowing drain.
  5638 | Sewer    | Entered a sewer
  5802 | D:6      | Found Zufiudypho's Armour Boutique.
  5803 | D:6      | Found Teele's Book Boutique.
  5805 | D:6      | Found Qeci's Antique Weapon Boutique.
  6645 | D:7      | Noticed a troll
  6654 | D:7      | Killed a troll
  6655 | D:7      | Reached skill level 5 in Invocations
  6750 | D:7      | Reached * piety under Vehumet
  6750 | D:7      | Offered knowledge of Kiss of Death by Vehumet.
  6759 | D:7      | Noticed a skeletal warrior
  6759 | D:7      | Noticed a cyclops
  7163 | D:7      | Found Pagae's Lightly-Used Armoury.
  7357 | D:7      | Noticed a hornet
  7477 | D:8      | Found a sand-covered staircase.
  7484 | Ossuary  | Entered an ossuary
  7571 | Ossuary  | Reached skill level 5 in Fighting
  7571 | Ossuary  | Reached skill level 5 in Short Blades
  7571 | Ossuary  | Reached skill level 5 in Long Blades
  7571 | Ossuary  | Reached skill level 5 in Axes
  7571 | Ossuary  | Reached skill level 5 in Maces & Flails
  7571 | Ossuary  | Reached skill level 5 in Polearms
  7571 | Ossuary  | Reached skill level 5 in Staves
  7571 | Ossuary  | Reached skill level 5 in Ranged Weapons
  7571 | Ossuary  | Reached skill level 5 in Throwing
  7571 | Ossuary  | Reached skill level 5 in Armour
  7571 | Ossuary  | Reached skill level 5 in Shields
  7571 | Ossuary  | Reached skill level 5 in Unarmed Combat
  7571 | Ossuary  | Reached skill level 5 in Evocations
  7588 | Ossuary  | Reached XP level 10. HP: 74/74 MP: 20/20
  7632 | Ossuary  | Offered knowledge of Poisonous Vapours by Vehumet.
  7635 | Ossuary  | Reached ** piety under Vehumet
  8336 | D:8      | Offered knowledge of Ignite Poison by Vehumet.
  8493 | D:9      | Noticed Psyche
  8504 | D:9      | Killed Psyche
  8521 | D:9      | Learned a level 3 spell: Vhi's Electric Charge
  8533 | D:9      | Reached *** piety under Vehumet
  8534 | D:9      | Reached skill level 5 in Conjurations
  8549 | D:9      | Learned a level 5 spell: Arcjolt
  8821 | D:9      | Found Cyuske's Hydra Hut.
  8821 | D:9      | Noticed Prince Ribbit
  8822 | D:9      | Noticed a five-headed hydra
  8836 | D:9      | Killed Prince Ribbit
  8961 | D:9      | Offered knowledge of Hailstorm by Vehumet.
  8977 | D:9      | Learned a level 3 spell: Hailstorm
  9460 | D:9      | Found a snail-covered altar of Cheibriados.
  9763 | D:7      | Noticed a kobold demonologist
  9763 | D:7      | Noticed a manticore
  9763 | D:7      | Noticed a green ugly thing
  9781 | D:7      | Noticed a two-headed ogre
 10043 | D:7      | HP: 3/76 [manticore/volley of spikes (21)]
 10044 | D:7      | Killed from afar by a manticore

Illustrated notes

Levels and vault maps discovered:
D:1:      roderic_dead_forest, layout_loops_corners
D:2:      layout_loops_ring
D:3:      layout_basic, minmay_misc_feat_tower
D:4:      layout_basic, uniq_menkaure, uniq_crazy_yiuf_cottage, uniq_pikel
D:5:      kennysheep_six_static_rooms, layout_rooms, serial_glass,
          glass_columns_b, glass_columns_a
D:6:      layout_basic, minmay_temple_entry_enclosed_plants,
          portal_sewer_entry_d, nicolae_shop_distant_corner_stores,
          minmay_misc_feat_more_columns
D:7:      minmay_the_grid_triangle_9x9_recursive_2
          [minmay_the_grid_triangle_9x9_prize_center,
          minmay_the_grid_triangle_9x9_checkered,
          minmay_the_grid_triangle_9x9_from_above,
          minmay_the_grid_triangle_9x9_warning], layout_gridville, hex_tiny,
          grunt_ministairs_2, chequers_jeans, minmay_misc_feat_diagonals,
          minmay_shop_damaged, grunt_decor_cap
D:8:      layout_basic, chequers_ossuary_entry_cave,
          hangedman_abyss_or_decor_slice, nicolae_two_hexagons
D:9:      layout_basic, slow_altar_1, doesnt_shop_hydraphobe, uniq_psyche,
          uniq_prince_ribbit1
Temple:   mainiacjoe_temple_archimedes_tessellation

Skill      XL: |  1  2  3  4  5  6  7  8  9 10 |
---------------+-------------------------------+-----
Conjurations   | 2 3 4 5 |  5.4
Spellcasting   | 5 6 7 |  7.9
Invocations    | 1 3 4 5 6 |  6.5
Fighting       | 1 2 3 5 |  5.9
Short Blades   | 1 2 3 5 |  5.9
Long Blades    | 1 2 3 5 |  5.9
Axes           | 1 2 3 5 |  5.9
Maces & Flails | 1 2 3 5 |  5.9
Polearms       | 1 2 3 5 |  5.9
Staves         | 1 2 3 5 |  5.9
Ranged Weapons | 1 2 3 5 |  5.9
Throwing       | 1 2 3 5 |  5.9
Armour         | 1 2 3 5 |  5.9
Shields        | 1 2 3 5 |  5.9
Unarmed Combat | 1 2 3 5 |  5.9
Evocations     | 1 2 3 5 |  5.9
Hexes          | 1 2 3 4 |  4.9
Summonings     | 1 2 3 4 |  4.9
Necromancy     | 1 2 3 4 |  4.9
Translocations | 1 2 3 4 |  4.9
Transmutations | 1 2 3 4 |  4.9
Fire Magic     | 1 2 3 4 |  4.9
Ice Magic      | 1 2 3 4 |  4.9
Earth Magic    | 1 2 3 4 |  4.9
Poison Magic   | 1 2 3 4 |  4.9
Dodging        | 5 6 7 |  7.6
Stealth        | 5 6 7 |  7.3
Air Magic      | 6 7 |  7.4

Action                     |  1- 3 |  4- 6 |  7- 9 | 10-12 || total
---------------------------+-------+-------+-------+-------++-------
  Melee: Staff             |     7 |       |       |       ||     7
         Bite              |     1 |     1 |    38 |    28 ||    68
         Dagger            |     9 |       |       |       ||     9
         Whip              |       |    28 |   283 |   197 ||   508
         Punch             |       |     1 |     5 |       ||     6
  Throw: Javelin           |       |       |     1 |       ||     1
   Cast: Shock             |    74 |    78 |   111 |    39 ||   302
         Airstrike         |       |       |     7 |       ||     7
         Mephitic Cloud    |       |       |     4 |     3 ||     7
         Arcjolt           |       |       |       |    12 ||    12
         Vhi's Electric Ch |       |       |       |     3 ||     3
         Teleport Other    |       |       |       |     1 ||     1
  Evoke: Wand              |       |       |       |     1 ||     1
    Use: Potion            |       |       |       |     1 ||     1
   Stab: Sleeping          |     1 |     2 |    10 |     5 ||    18
         Confused          |       |       |     2 |     4 ||     6
         Distracted        |       |       |     1 |     1 ||     2
 Armour: Robe              |     3 |       |       |    17 ||    20
         Ring mail         |     4 |     1 |       |       ||     5
         Leather armour    |       |     6 |    61 |       ||    67
         Troll leather arm |       |       |    16 |    17 ||    33
  Dodge: Dodged            |    18 |    17 |   216 |   101 ||   352
  Block: Kite shield       |       |       |    83 |   108 ||   191
